 Dungeon Crawl Stone Soup version 0.31-a0-960-g0fca184906 (webtiles) character file.

Game seed: 1253110474983052125

100 lunkers the Ruffian (level 5, -2/40 HPs)
             Began as a Meteoran Shapeshifter on Oct 23, 2023.
             Slain by a gnoll
             ... wielding a +0 spear
              (5 damage)
             ... on level 3 of the Dungeon.
             The game lasted 00:02:10 (834 turns).

lunkers the Ruffian (Meteoran Shapeshifter)          Turns: 834, Time: 00:02:11

Health: -2/40      AC:  2    Str: 16    XL:     5   Next: 25%
Magic:  6/6        EV: 12    Int: 11    God:
Gold:   41         SH:  0    Dex: 15    Spells: 4/4 levels left

rFire   . .          .
                       - Unarmed
rCold   . . .        (no shield)
rNeg    . . .        a - +0 animal skin
rPois   .            (helmet currently unavailable)
rElec   .            (cloak currently unavailable)
rCorr   .            (gloves currently unavailable)
SInv    .            (boots currently unavailable)
Will    .....        (no amulet)
Stlth   +            (no ring)
HPRegen 0.26/turn    (no ring)
MPRegen 0.10/turn

%: no passive effects
@: beast-form, glowing
A: beast (slay +2), sense surroundings 1, otherworldly, glowing, explore regen
a: Begin Untransformation


You were on level 3 of the Dungeon.
You were a hulking beast.
You visited 1 branch of the dungeon, and saw 3 of its levels.

You collected 41 gold pieces.

Inventory:

Armour
 a - a +0 animal skin (worn)
 b - a +0 cloak
Talismans
 c - a beast talisman
 d - a flux talisman
Scrolls
 e - 3 scrolls of identify {unknown}
 f - a scroll of vulnerability {unknown}
 g - a scroll of torment {unknown}
 i - a scroll of enchant armour {unknown}
Potions
 h - a potion of cancellation {unknown}


   Skills:
 - Level 1.1 Fighting
 - Level 2.1 Dodging
 * Level 5.6 Unarmed Combat
 + Level 4.5 Shapeshifting


You had 4 spell levels left.
You didn't know any spells.
Your spell library was empty.

Dungeon Overview and Level Annotations

Branches:
Dungeon (3/15) Zot: 973

Altars:


Innate Abilities, Weirdness & Mutations

You are a hulking beast.
Your limbs bulge with bestial killing power. (Slay +2)
You passively map a small area around you.
You are easily found by Zot.
You glow in the dark.
You regain HP and MP as you explore.


Message History

The gnoll shouts!
The gnoll misses you.
Things that are here:
a +0 club; a +0 leather armour You hit the gnoll.
The gnoll is moderately wounded.
The gnoll closely misses you. The gnoll hits you with a +0 spear.
You closely miss the gnoll.
The gnoll is moderately wounded.
The gnoll misses you.
You completely miss the gnoll.
The gnoll is moderately wounded.
The gnoll hits you with a +0 spear!
* * * LOW HITPOINT WARNING * * *
The gnoll hits you from afar with a +0 spear!
* * * LOW HITPOINT WARNING * * *
You closely miss the gnoll.
The gnoll is moderately wounded.
The gnoll hits you with a +0 spear.
* * * LOW HITPOINT WARNING * * *
You punch the gnoll!
The gnoll is severely wounded.
The gnoll closely misses you. The gnoll hits you with a +0 spear.
* * * LOW HITPOINT WARNING * * *
You hit the gnoll.
You kill the gnoll!
The gnoll closely misses you. The gnoll barely misses you.
You see here a +0 spear.
You closely miss the gnoll. The gnoll barely misses you.
You hit the gnoll but do no damage. The gnoll hits you with a +0 spear.
* * * LOW HITPOINT WARNING * * *
You punch the gnoll!
The gnoll is severely wounded.
The gnoll hits you with a +0 spear.
* * * LOW HITPOINT WARNING * * *
You hit the gnoll but do no damage.
The gnoll is severely wounded.
The gnoll hits you with a +0 spear.
You die...

, , .....## ,
.[...# , ,
....# * , ...#
* * , ,, ..# ,
, * , #.# .. ,
, , *#.# ....,
, , * #)# *...#
* * ,
*#h#####...###
,,
,##g#.........[
** *
#.............
,
#......g....#,
#..........##,
#...........#.
#.<......$....
#####.........
#.........


You could see a gnoll.

Vanquished Creatures
  Crazy Yiuf (D:2)
  An adder (D:2)
  2 gnolls (D:3)
  A dart slug (D:1)
  4 endoplasms
  A giant cockroach (D:2)
  4 goblins
  4 hobgoblins
  A quokka (D:1)
  5 ball pythons
  8 bats
  A frilled lizard (D:1)
  2 kobolds
  7 rats
42 creatures vanquished.

Notes
Turn   | Place    | Note
-------+----------+-------------------------------------------
     0 | D:1      | lunkers the Meteoran Shapeshifter began the quest for the
                  | Orb.
     0 | D:1      | Reached XP level 1. HP: 16/16 MP: 2/2
    61 | D:1      | Reached skill level 4 in Unarmed Combat
    61 | D:1      | Reached XP level 2. HP: 17/23 MP: 3/3
   202 | D:1      | Reached XP level 3. HP: 28/28 MP: 4/4
   681 | D:2      | Reached skill level 5 in Unarmed Combat
   681 | D:2      | Reached XP level 4. HP: 23/35 MP: 5/5
   703 | D:2      | Found a runed translucent door.
   704 | D:2      | Noticed Crazy Yiuf
   711 | D:2      | Killed Crazy Yiuf
   823 | D:3      | Reached XP level 5. HP: 31/40 MP: 6/6
   834 | D:3      | Slain by a gnoll

Illustrated notes

Levels and vault maps discovered:
D:1:      dpeg_arrival_subterranean_lakeside_camping, layout_basic
D:2:      layout_basic, uniq_sigmund, uniq_crazy_yiuf_cottage
D:3:      layout_basic, serial_shops, shop, shop,
          nicolae_shop_competitors_out_of_business, nicolae_shop_dealshenge,
          nicolae_shop_tiny_statue_garden, hellmonk_ecumenical_altar_blasted,
          nicolae_houndstooth_variations, uniq_ijyb

Skill      XL: |  1  2  3 |
---------------+----------+-----
Unarmed Combat | 4 5 |  5.6
Shapeshifting  | 4 |  4.5
Fighting       | |  1.1
Dodging        | |  2.1

Action                     |  1- 3 |  4- 6 || total
---------------------------+-------+-------++-------
  Melee: Unarmed           |    84 |    21 ||   105
    Use: Potion            |       |     1 ||     1
 Armour: Animal skin       |    39 |    12 ||    51
         Skin              |       |     2 ||     2
  Dodge: Dodged            |    52 |    15 ||    67

Table legend: (Time is in decaauts)
 A = Elapsed time spent in this place.
 B = Non-inter-level travel time spent in this place.
 C = Inter-level travel time spent in this place.
 D = Time resting spent in this place.
 E = Time spent auto-exploring this place.
 F = Levels seen in this place.
 G = Mean time per level.
                   A        B        C        D        E       F      G
               +--------+--------+--------+--------+--------+-----+--------+
         Total |    826 |    798 |     28 |     45 |    493 |   3 |  275.3 |
       Dungeon |    826 |    798 |     28 |     45 |    493 |   3 |  275.3 |
               +--------+--------+--------+--------+--------+-----+--------+

Top non-repeatable levels by time:
     D:1: 483 daAuts
     D:2: 310 daAuts
     D:3: 32 daAuts
